 Dungeon Crawl Stone Soup version 0.30.1-4-g462c640d31 (webtiles) character file.

Game seed: 14226586457378544587

30626 mortz the Eclecticist (level 13, -4/75 HPs)
             Began as a Djinni Conjurer on Sept 16, 2023.
             Was a High Priest of Makhleb.
             Shot with an arrow by Nessos (14 damage)
             ... on level 5 of the Lair of Beasts.
             The game lasted 02:11:30 (14319 turns).

mortz the Eclecticist (Djinni Conjurer)            Turns: 14319, Time: 02:11:31

Health: -4/75      AC: 17    Str:  8    XL:     13   Next: 90%
Gold:   1544       EV: 10    Int: 29    God:    Makhleb [*****.] SH:  7 Dex: 23

rFire   + + +        O - staff of death "Caesinecs" {rF+ rC+ rN+ Dex+3}
rCold   . . .        B - +1 buckler
rNeg    + . .        c - +5 ring mail of Mutualism {Dex+2}
rPois   ∞            r - +1 helmet of Happy Babbling {Rampage rCorr Str+2 Int+4}
rElec   +            X - +0 cloak
rCorr   +            V - +2 pair of gloves of Naismen {Rampage rC- Regen+}
SInv    .            (boots unavailable)
Will    +....        m - amulet of regeneration
Stlth   ++           l - ring of protection from cold
HPRegen 1.92/turn    u - ring "Sasouqod" {rElec rPois Dex+6}
MPRegen 0.00/turn

%: rampage, infuse magic (-5 HP)
@: flying
A: sickness immunity, fire resistance 2, cold vulnerability 1, float, innate
caster, HP casting, extra vitality 1
a: Renounce Religion, Minor Destruction, Lesser Servant of Makhleb, Major
Destruction, Greater Servant of Makhleb


You were on level 5 of the Lair of Beasts.
You worshipped Makhleb.
Makhleb was extremely pleased with you.
You visited 3 branches of the dungeon, and saw 16 of its levels.
You also visited: Bailey.

You collected 2078 gold pieces.
You spent 534 gold pieces at shops.

Inventory:

Hand Weapons
 e - a +0 mace
 n - the +4 spear "Kiefur" {flame, rElec rC- Str-4 Dex+8}
   (You found it on level 4 of the Dungeon)

   Str:       It affects your strength (-4).
   Dex:       It affects your dexterity (+8).
   rC:        It makes you vulnerable to cold.
   rElec:     It insulates you from electricity.
 x - the +11 hand axe "Lifebane" {flame, rPois rC+++ MP+9 Dex-3}
   (You found it on level 5 of the Dungeon)

   Dex:       It affects your dexterity (-3).
   rC:        It renders you almost immune to cold.
   rPois:     It protects you from poison.
   MP:        It affects your magic capacity (+9).
 H - the +8 war axe "Elah" {venom, rF+ rC- Str+2}
   (You found it on level 1 of the Lair of Beasts)

   Str:       It affects your strength (+2).
   rF:        It protects you from fire.
   rC:        It makes you vulnerable to cold.
 K - a +1 scimitar of flaming
 M - a +2 scimitar of holy wrath
 N - a +2 mace of distortion
Missiles
 b - 2 throwing nets
 k - 7 boomerangs
 z - 33 poisoned darts
 R - 2 curare-tipped darts
Armour
 a - a +1 robe
 c - the +5 ring mail of Mutualism (worn) {Dex+2}
   (You found it on level 7 of the Dungeon)

   Dex:       It affects your dexterity (+2).
 r - the +1 helmet of Happy Babbling (worn) {Rampage rCorr Str+2 Int+4}
   (You found it on level 4 of the Dungeon)

   Str:       It affects your strength (+2).
   Int:       It affects your intelligence (+4).
   rCorr:     It protects you from acid and corrosion.
   Rampage:   It bestows one free step when moving towards enemies.
 v - a +0 leather armour of fire resistance
 B - a +1 buckler (worn)
 P - a +2 robe of positive energy
 Q - +0 acid dragon scales
 V - the +2 pair of gloves of Naismen (worn) {Rampage rC- Regen+}
   (You bought it in a shop on level 11 of the Dungeon)

   rC:        It makes you vulnerable to cold.
   Regen:     It increases your rate of health regeneration.
   Rampage:   It bestows one free step when moving towards enemies.
 X - a +0 cloak (worn)
Magical Staves
 J - the staff of cold "Dytinnap" {rC+ Int+3}
   (You found it in a bailey)

   [staff of cold]

   Your inability to study Ice Magic prevents you from drawing on the full power
   of this staff in melee.
   Base accuracy: +5 Base damage: 5 Base attack delay: 1.2 This weapon's minimum
   attack delay (0.6) is reached at skill level 12.
   Int:       It affects your intelligence (+3).
   rC:        It protects you from cold.
   It falls into the 'Staves' category.
   It is a one-handed weapon.
 O - the staff of death "Caesinecs" (weapon) {rF+ rC+ rN+ Dex+3}
   (You found it on level 9 of the Dungeon)

   [staff of death]

   Your inability to study Necromancy prevents you from drawing on the full
   power of this staff in melee.
   Base accuracy: +5 Base damage: 5 Base attack delay: 1.2 This weapon's minimum
   attack delay (0.6) is reached at skill level 12.
   Dex:       It affects your dexterity (+3).
   rF:        It protects you from fire.
   rC:        It protects you from cold.
   rN:        It protects you from negative energy.
   It falls into the 'Staves' category.
   It is a one-handed weapon.
Jewellery
 l - a ring of protection from cold (left hand)
 m - an amulet of regeneration (around neck)
 u - the ring "Sasouqod" (right hand) {rElec rPois Dex+6}
   (You found it on level 4 of the Dungeon)

   [ring of dexterity]

   Dex:       It affects your dexterity (+6).
   rElec:     It insulates you from electricity.
   rPois:     It protects you from poison.
 I - the ring "Ketaech" {rPois Will+ Dex+3}
   (You took it off an orc warrior in a bailey)

   [ring of willpower]

   Dex:       It affects your dexterity (+3).
   rPois:     It protects you from poison.
   Will:      It increases your willpower.
 T - a +4 ring of slaying
Wands
 o - a wand of acid (6)
 q - a wand of paralysis (13)
 s - a wand of flame (33)
 y - a wand of digging (7)
 C - a wand of iceblast (16)
 W - a wand of mindburst (9)
Scrolls
 h - 4 scrolls of blinking
 i - 5 scrolls of teleportation
 t - a scroll of identify
 D - 2 scrolls of immolation
 F - 3 scrolls of fear
Potions
 d - 12 potions of curing
 f - 3 potions of lignification
 g - a potion of haste
 j - a potion of resistance
 p - 2 potions of invisibility
 w - a potion of might
 A - 6 potions of attraction
 E - 3 potions of brilliance
 L - a potion of cancellation
 U - 2 potions of heal wounds


   Skills:
 - Level 3.0 Axes
 - Level 3.8 Armour
 - Level 2.1 Dodging
 - Level 1.5 Stealth
 - Level 3.2 Shields
 * Level 15.1 Spellcasting
 + Level 10.3 Invocations


You knew the following spells:

 Your Spells              Type           Power      Damage    Failure   Level
a - Magic Dart            Conj           100%       1d8       1%          1
b - Searing Ray           Conj           100%       2d8       1%          2
c - Iskenderun's Mystic   Conj/Tloc      83%        2d16      1%          4
d - Fulminant Prism       Conj/Hex       41%        3d19      1%          4
e - Dazzling Flash        Conj/Hex       100%       N/A       1%          3
f - Freeze                Ice            100%       1d10      1%          1
g - Lesser Beckoning      Tloc           100%       N/A       1%          2
h - Blade Hands           Tmut           41%        N/A       1%          5
i - Ignite Poison         Fire/Tmut/Pois 83%        N/A       1%          3
l - Lee's Rapid Deconstr  Erth           41%        3d20*     1%          5
p - Petrify               Tmut/Erth      83%        N/A       1%          4
Your spell library was empty.

Dungeon Overview and Level Annotations

Branches:
Dungeon (11/15) Zot: 26110  Temple (1/1) D:4 Zot: 5749    Lair (3/5) D:11 Zot: 21070
 Shoals (0/4) Lair:2        Snake (0/4) Lair:2        Slime (0/5) Lair:5
 Bailey (visited)
    Orc: D:9-12

Altars:
Ashenzari
Cheibriados
Dithmenos
Elyvilon
Fedhas
Gozag
Hepliaklqana
Makhleb
Nemelex Xobeh
Okawaru
Qazlal
Ru
Trog
Uskayaw
Wu Jian
Xom
Yredelemnul
Zin
The Shining One
Jiyva

Shops:
D:6 :   D:11 ![*

Portals:
Hell: Lair:5

Annotations:
Lair:5 Kirke, Nessos, Rupert


Innate Abilities, Weirdness & Mutations

You are immune to sickness and miasma.
You are immune to poison.
Your flesh is very heat resistant. (rF++)
You are vulnerable to cold. (rC-)
You float through the air rather than walking.
You learn spells naturally, not from books.
Your magical power is your life essence.
You have superior vitality. (+4 MHP)


Message History

Confirm with . or Enter, or press ? or * to list all spells.
Aiming: Searing Ray (safe; 1% risk of failure)
Press: ? - help, Shift-Dir - straight line, f/p - komodo dragon
Aim: a komodo dragon (heavily wounded, 87% to hit)
The searing ray hits the komodo dragon!
The komodo dragon is severely wounded.
The komodo dragon closely misses you.
A komodo dragon comes into view.
The searing ray hits the komodo dragon but does no damage.
The komodo dragon is severely wounded.
The komodo dragon hisses angrily.
You hear a shout!
The komodo dragon bites you!
Nessos the Markscentaur comes into view.
The searing ray hits the komodo dragon.
The komodo dragon is severely wounded.
Nessos shouts!
You hear a bellow!
Nessos gestures wildly while chanting.
Nessos seems to speed up.
The komodo dragon bites you.
The searing ray hits the komodo dragon.
The komodo dragon is severely wounded.
You finish channelling your searing ray.
Nessos wields a +2 longbow of flaming.
It bursts into flame!
Nessos shoots an arrow.
You block the arrow.
Nessos shoots an arrow.
The arrow closely misses you. The komodo dragon bites you.
Nessos shoots an arrow.
The arrow hits you.
Nessos shoots an arrow.
The arrow closely misses you.
The arrow hits the fungus!
The fungus begins to die.
The arrow burns the fungus.
A komodo dragon comes into view.
The komodo dragon bites you!
Nessos shoots an arrow.
The arrow hits you!
* * * LOW HITPOINT WARNING * * *
Nessos shoots an arrow.
The arrow hits you.
* * * LOW HITPOINT WARNING * * *
The komodo dragon hisses angrily.
You hear an angry hiss.
There is a stone staircase leading up here.
Nessos shoots an arrow.
The arrow hits you.
* * * LOW HITPOINT WARNING * * *
Nessos shoots an arrow.
You block the arrow. The komodo dragon misses you.
Nessos shoots an arrow.
The arrow hits you!
You die...

,,,,,,,,,,,,,,,,,****,,,,,,,,,,,*
,,,**,,,,.........##,,,,,,,,,,,**
,,,*,,,,,..........,,,,,,,,,,,,*,
,,,,,,,,,)..c......,,,,,*,,,,,,,,
,,,,,,,,,...l.....,*,,,,*,,,,,,,*
,,,*,,,,,.........*,*,,,*,,,,,,,*
,,,,,,,,,........##*,*,,,,,,,,,,*
,,,,,,,,,.....l...#***,,,,,,,,,**
,,,,,,,,,.......@.# *,,,,,,,,,,*,
,,,**,,,,.......lP# ##...#.......
,,,,*,,,,........P###...........#
,,,,,,,,,........###.....P.....##
,,,,,,,,,........###.P..##......#
,,,*,,,,,)........#*...........##
,,,,,,,,,........#####..##.......
,,,,,,,,,........#.##....#.....##
,,,,,,,,,........................


You could see Nessos (fast) and 3 komodo dragons.

Vanquished Creatures
  A hydra (Lair:3)
  Erolcha (D:9)
  A catoblepas (Lair:2)
  Erica (D:9)
  2 two-headed ogres
  3 death yaks (D:11)
  Sonja (D:10)
  Nergalle (D:10)
  Lodul (D:10)
  A skyshark (Lair:2)
  A wizard (Lair:5)
  An orc knight (Bailey)
  A manticore (D:11)
  Joseph (D:9)
  Maurice (D:11)
  A black mamba (Lair:1)
  2 orange demons (Lair:5)
  5 cane toads
  Maggie (D:10)
  3 rime drakes
  A kobold demonologist (D:10)
  3 komodo dragons
  2 ice devils (Lair:5)
  2 trolls (D:9)
  A polar bear (Lair:1)
  Grinder (D:6)
  5 blink frogs (Lair:1)
  Sigmund (D:6)
  3 shadows
  3 wraiths
  A wyvern (Lair:2)
  A basilisk (Lair:2)
  19 yaks
  3 vampire mosquitoes (D:11)
  14 two-headed ogre zombies (D:9)
  4 nagas (Lair:2)
  10 water moccasins
  2 hell hounds (Lair:5)
  13 orc warriors
  An ice beast (D:6)
  2 sky beasts (D:6)
  A black bear (D:6)
  3 wolves (Lair:1)
  8 ogres
  7 centaurs
  4 kobold brigands
  4 phantoms
  A gnoll sergeant (D:8)
  11 bullfrogs
  2 scorpions
  18 killer bees
  3 electric eels (Lair:2)
  7 howler monkeys
  A jelly (D:4)
  An orc priest (D:8)
  3 hounds (D:6)
  A gnoll bouda (D:9)
  3 iguanas
  A sleepcap (D:8)
  12 orc wizards
  12 hell rats
  8 gnolls
  7 adders
  9 river rats (Lair:2)
  A shadow imp (D:7)
  2 ufetubi
  2 worms
  3 dart slugs
  39 orcs
  11 ball pythons
  4 bats
  8 endoplasms
  2 giant cockroaches
  5 goblins
  4 hobgoblins
  13 jackals
  23 kobolds
  10 quokkas
  5 frilled lizards
  22 rats
403 creatures vanquished.

Vanquished Creatures (others)
  A quokka (D:10)
  19 fulminant prisms
20 creatures vanquished.

Grand Total: 423 creatures vanquished

Notes
Turn   | Place    | Note
-------+----------+-------------------------------------------
     0 | D:1      | mortz the Djinni Conjurer began the quest for the Orb.
     0 | D:1      | mortz set off with the following spells memorised: Magic
                  | Dart, Searing Ray, Dazzling Flash, Fulminant Prism,
                  | Iskenderun's Mystic Blast.
     0 | D:1      | Reached XP level 1. HP: 15/15 MP: 0/0
   107 | D:1      | Reached XP level 2. HP: 18/21 MP: 0/0
   369 | D:1      | You are sucked into a shaft and drop 1 floor!
   403 | D:2      | Reached XP level 3. HP: 17/25 MP: 0/0
   403 | D:2      | Learned a level 1 spell: Freeze
   449 | D:2      | Reached skill level 4 in Spellcasting
   500 | D:2      | Reached XP level 4. HP: 13/31 MP: 0/0
  1684 | D:3      | Reached XP level 5. HP: 33/35 MP: 0/0
  1684 | D:3      | Learned a level 2 spell: Lesser Beckoning
  1942 | D:3      | Reached skill level 5 in Spellcasting
  2670 | D:4      | Found a shimmering altar of Xom.
  2775 | D:4      | Identified the +4 spear "Kiefur" {flame, rElec rC- Str-4
                  | Dex+8}
  2780 | D:4      | Found a staircase to the Ecumenical Temple.
  2798 | Temple   | Entered the Ecumenical Temple
  3038 | Temple   | Became a worshipper of Makhleb the Destroyer
  3089 | D:4      | Identified the +1 helmet of Happy Babbling {Rampage rCorr
                  | Str+2 Int+4}
  3274 | D:4      | Reached XP level 6. HP: 39/40 MP: 0/0
  3560 | D:4      | Identified the ring "Sasouqod" {rElec rPois Dex+6}
  3885 | D:5      | Entered Level 5 of the Dungeon
  4116 | D:5      | Identified the +11 hand axe "Lifebane" {flame, rPois rC+++
                  | MP+9 Dex-3}
  4173 | D:5      | Found a snail-covered altar of Cheibriados.
  4286 | D:5      | Noticed a water moccasin
  4290 | D:5      | Killed a water moccasin
  4291 | D:5      | Reached skill level 1 in Invocations
  4291 | D:5      | Reached XP level 7. HP: 38/45 MP: 0/0
  4291 | D:5      | Learned a level 3 spell: Ignite Poison
  4360 | D:5      | Reached skill level 1 in Axes
  4360 | D:5      | Reached skill level 6 in Spellcasting
  4637 | D:6      | Noticed Grinder
  4654 | D:6      | Killed Grinder
  4655 | D:6      | Reached XP level 8. HP: 46/50 MP: 0/0
  4895 | D:6      | Reached skill level 7 in Spellcasting
  4920 | D:6      | Found Hann's Book Shoppe.
  4994 | D:6      | Reached * piety under Makhleb
  5135 | D:6      | Reached skill level 1 in Shields
  5161 | D:6      | Reached XP level 9. HP: 52/55 MP: 0/0
  5161 | D:6      | Learned a level 4 spell: Petrify
  5572 | D:6      | Noticed Sigmund
  5584 | D:6      | Killed Sigmund
  5744 | D:7      | Reached skill level 8 in Spellcasting
  5874 | D:7      | Reached skill level 5 in Invocations
  5963 | D:7      | Identified the +5 ring mail of Mutualism {Dex+2}
  6892 | D:8      | Reached skill level 1 in Armour
  6953 | D:8      | Found a flagged portal.
  6976 | Bailey   | Entered a bailey
  7071 | Bailey   | Reached XP level 10. HP: 51/60 MP: 0/0
  7083 | Bailey   | Reached ** piety under Makhleb
  7207 | Bailey   | Reached skill level 9 in Spellcasting
  7285 | Bailey   | Noticed an orc knight
  7324 | Bailey   | Killed an orc knight
  7384 | Bailey   | Identified the ring "Ketaech" {rPois Will+ Dex+3}
  7424 | Bailey   | Identified the staff of cold "Dytinnap" {rC+ Int+3}
  7976 | D:8      | Acquired 780 gold pieces
  8125 | D:9      | Noticed Erica
  8234 | D:9      | Noticed a two-headed ogre
  8249 | D:9      | Killed a two-headed ogre
  8250 | D:9      | Reached skill level 10 in Spellcasting
  8250 | D:9      | Reached XP level 11. HP: 44/65 MP: 0/0
  8250 | D:9      | Learned a level 5 spell: Lee's Rapid Deconstruction
  8310 | D:9      | Noticed Joseph
  8331 | D:9      | Killed Joseph
  8362 | D:9      | Reached *** piety under Makhleb
  8396 | D:9      | Killed Erica
  8833 | D:9      | Found a blossoming altar of Fedhas.
  8900 | D:9      | Reached skill level 11 in Spellcasting
  9100 | D:9      | Noticed Erolcha
  9120 | D:9      | Killed Erolcha
  9130 | D:9      | Reached **** piety under Makhleb
  9235 | D:9      | Identified the staff of death "Caesinecs" {rF+ rC+ rN+
                  | Dex+3}
  9337 | D:10     | Entered Level 10 of the Dungeon
  9350 | D:10     | Noticed Nergalle
  9435 | D:10     | Killed Nergalle
  9452 | D:10     | Noticed Maggie
  9472 | D:10     | Killed Maggie
  9473 | D:10     | Reached XP level 12. HP: 64/70 MP: 0/0
  9516 | D:10     | Found a white marble altar of Elyvilon.
  9553 | D:10     | Noticed Lodul
  9585 | D:10     | Reached skill level 12 in Spellcasting
  9660 | D:10     | Found a broken altar of Ashenzari.
  9660 | D:10     | Found a bloodstained altar of Trog.
  9819 | D:10     | Noticed Sonja
  9908 | D:10     | Killed Sonja
  9922 | D:10     | Killed Lodul
 10135 | D:10     | Found a broken altar of Ashenzari.
 10141 | D:10     | Found a bloodstained altar of Trog.
 10237 | D:10     | Found a white marble altar of Elyvilon.
 10569 | D:11     | Noticed a two-headed ogre
 10626 | D:10     | Killed a two-headed ogre
 10655 | D:11     | Noticed a death yak
 10656 | D:11     | Noticed a death yak
 10670 | D:11     | Killed a death yak
 10677 | D:11     | Noticed a death yak
 10683 | D:11     | Killed a death yak
 10698 | D:11     | Killed a death yak
 10699 | D:11     | Reached skill level 13 in Spellcasting
 10776 | D:11     | Found a staircase to the Lair.
 10965 | D:11     | Found Merielig's Distillery.
 10965 | D:11     | Found Sagrarre's Armour Emporium.
 10987 | D:11     | Bought a potion of heal wounds for 60 gold pieces
 10987 | D:11     | Bought a potion of curing for 36 gold pieces
 10987 | D:11     | Bought a potion of lignification for 36 gold pieces
 10987 | D:11     | Bought a potion of brilliance for 48 gold pieces
 10987 | D:11     | Bought a potion of heal wounds for 60 gold pieces
 10987 | D:11     | Bought a potion of brilliance for 48 gold pieces
 11055 | D:11     | Found Bemmecud's General Store.
 11063 | D:11     | Bought a scroll of teleportation for 36 gold pieces
 11063 | D:11     | Bought a potion of curing for 36 gold pieces
 11063 | D:11     | Bought the +2 pair of gloves of Naismen {Rampage rC-
                  | Regen+} for 174 gold pieces
 11083 | D:11     | Noticed Maurice
 11104 | D:11     | Killed Maurice
 11392 | Lair:1   | Entered Level 1 of the Lair of Beasts
 11455 | Lair:1   | Reached skill level 10 in Invocations
 11459 | Lair:1   | Identified the +8 war axe "Elah" {venom, rF+ rC- Str+2}
 11746 | Lair:1   | Reached XP level 13. HP: 75/75 MP: 0/0
 11746 | Lair:1   | Learned a level 5 spell: Blade Hands
 11755 | Lair:1   | Reached ***** piety under Makhleb
 12039 | Lair:1   | Reached skill level 14 in Spellcasting
 12647 | Lair:2   | Identified the +5 short sword of Fate {distort, Str+5}
 12690 | Lair:2   | Found a staircase to the Snake Pit.
 12896 | Lair:2   | Noticed a catoblepas
 12917 | Lair:2   | Killed a catoblepas
 13162 | Lair:2   | Found a staircase to the Shoals.
 13926 | Lair:3   | Noticed an eight-headed hydra
 13933 | Lair:3   | Killed an eight-headed hydra
 14218 | Lair:3   | You are sucked into a shaft and drop 2 floors!
 14218 | Lair:5   | Entered Level 5 of the Lair of Beasts
 14224 | Lair:5   | Reached skill level 15 in Spellcasting
 14238 | Lair:5   | Found a burning altar of Makhleb.
 14246 | Lair:5   | Found a gateway to Hell.
 14258 | Lair:5   | Noticed Rupert
 14267 | Lair:5   | Paralysed by Rupert for 2 turns
 14268 | Lair:5   | Noticed Kirke
 14271 | Lair:5   | Found a viscous altar of Jiyva.
 14272 | Lair:5   | Found a staircase to the Slime Pits.
 14314 | Lair:5   | Noticed Nessos
 14319 | Lair:5   | Shot with an arrow by Nessos

Illustrated notes

Levels and vault maps discovered:
D:1:      lemuel_arrival_hallway, layout_basic
D:2:      layout_loops_ring
D:3:      kennysheep_six_static_rooms, layout_basic, st_stairs_7,
          kennysheep_another_room
D:4:      layout_basic, lemuel_round_altar, gammafunk_temple_overflow_wave,
          minmay_temple_entry_glassed_door, serial_co_window_serial,
          co_window_corner_a, co_window_paths_b, co_window_corner_a,
          co_window_corner_a, co_window_paths_b, co_window_paths_a,
          co_window_unsneaky_path_c, co_window_paths_c, co_window_paths_c,
          co_window_of_opportunity_c, co_window_broadway_a, co_window_corner_b,
          glass_columns_b
D:5:      layout_loops_ring, lemuel_round_altar
D:6:      layout_gridville, serial_shops, shop, minmay_increasing_density,
          uniq_grinder, uniq_sigmund
D:7:      layout_gridville
D:8:      layout_basic, enter_bailey_2
D:9:      lemuel_ogre_cave, layout_small_grid, general_overflow_altar,
          uniq_erica, uniq_joseph
D:10:     layout_cross, mainiacjoe_overflow_large_starburst, elyvilon_altar_4,
          hangedman_decor_points, chequers_serial_rivers_micro_d, uniq_maggie,
          uniq_nergalle, uniq_lodul, uniq_sonja
D:11:     layout_irregular_city, dpeg_lair_monsters, serial_shops, shop,
          nicolae_shop_waterfront, shop, uniq_maurice
Temple:   eino_temple_water
Lair:1:   layout_small_grid, infiniplex_staircase_pool, grunt_megastairs_5
Lair:2:   lemuel_ratsnest, layout_long_grid, minmay_shoals_entry_centaurs,
          minmay_snake_entry_guardpost_large, serial_bayou, serial_bayou_pond_a,
          serial_bayou_lagoon_a, serial_bayou_crossing, serial_bayou_pond_c,
          serial_bayou_lagoon_b
Lair:3:   layout_cave_pods
Lair:5:   evil_forest, layout_long_grid, slime_entry_1,
          chequers_serial_rivers_micro_c, uniq_kirke, uniq_nessos, uniq_rupert

Skill      XL: |  1  2  3  4  5  6  7  8  9 10 11 12 13 |
---------------+----------------------------------------+-----
Spellcasting   | 4 5 6 7 8 10 11 13 15 | 15.1
Invocations    | 1 2 4 5 7 8 10 | 10.3
Axes           | 2 3 |  3.0
Shields        | 1 3 |  3.2
Armour         | 2 3 |  3.8
Dodging        | |  2.1
Stealth        | |  1.5

Action                     |  1- 3 |  4- 6 |  7- 9 | 10-12 | 13-15 || total
---------------------------+-------+-------+-------+-------+-------++-------
  Melee: Staff             |       |       |       |     1 |       ||     1
   Cast: Magic Dart        |    50 |    83 |    59 |   158 |    60 ||   410
         Searing Ray       |     1 |    19 |    51 |   132 |    15 ||   218
         Dazzling Flash    |       |       |     1 |       |       ||     1
         Petrify           |       |       |     8 |    57 |    29 ||    94
         Fulminant Prism   |       |       |     3 |    14 |     2 ||    19
         Iskenderun's Myst |       |       |       |    47 |    32 ||    79
         Freeze            |       |       |       |     3 |     4 ||     7
         Lee's Rapid Decon |       |       |       |    38 |    64 ||   102
  Evoke: Wand              |       |       |     1 |       |       ||     1
    Use: Scroll            |       |    13 |     5 |     6 |     8 ||    32
         Potion            |       |       |     2 |     3 |       ||     5
 Armour: Leather armour    |       |       |     9 |       |       ||     9
         Ring mail         |       |       |    11 |    46 |    36 ||    93
  Dodge: Dodged            |     4 |    12 |    19 |    63 |    40 ||   138
  Block: Buckler           |       |       |    12 |    41 |    22 ||    75
